 Dungeon Crawl Stone Soup version 0.26-a0-259-g1effd001a9 (webtiles) character file.

Game seed: 14833052396168215952

8078 Apogee the Grappler (level 11, -2/111 HPs)
             Began as a Troll Abyssal Knight on July 13, 2020.
             Was a High Priest of Lugonu.
             Slain by a sixfirhy (3 damage)
             ... in a Gauntlet.
             The game lasted 00:20:03 (8408 turns).

Apogee the Grappler (Troll Abyssal Knight)          Turns: 8408, Time: 00:20:04

Health: -2/111     AC: 10    Str: 25    XL:     11   Next: 5%
Magic:  13/13      EV: 10    Int:  8    God:    Lugonu [*****.]
Gold:   547        SH:  0    Dex:  9    Spells: 13/14 levels left

rFire    . . .     SeeInvis .     - Unarmed
rCold    + + .     Faith    .   (no shield)
rNeg     + . .     Spirit   .   a - +1 robe
rPois    +         Reflect  .   (helmet restricted)
rElec    +         Harm     .   f - +2 cloak
rCorr    +         NoTele   +   (gloves unavailable)
MR       .....                  (boots unavailable)
Stlth    +.........             s - amulet of regeneration
HPRegen  1.08/turn              l - ring of ice
MPRegen  0.13/turn              p - ring of positive energy

@: resistant, very slightly contaminated, invisible
A: large, unfitting armour, claws 3, fast metabolism 1, regeneration 1, shaggy
fur 1, tough skin 3
a: Depart the Abyss, Bend Space, Banish, Corrupt, Enter the Abyss, Renounce
Religion


You were in a Gauntlet.
You worshipped Lugonu.
Lugonu was extremely pleased with you.
You were not hungry.

You visited 1 branch of the dungeon, and saw 11 of its levels.
You visited the Abyss 2 times.
You also visited: Gauntlet.

You collected 547 gold pieces.

Inventory:

Hand Weapons
 i - a +2 flail of venom
 k - a +1 dire flail of draining
Missiles
 u - 3 throwing nets (quivered)
Armour
 a - a +1 robe (worn)
 f - a +2 cloak (worn)
Jewellery
 h - a +4 ring of protection {unknown}
 l - a ring of ice (left claw)
 m - an uncursed amulet of guardian spirit {unknown}
 p - a ring of positive energy (right claw)
 s - an amulet of regeneration (around neck)
 x - an uncursed ring of magical power
Wands
 g - a wand of iceblast (3)
 y - a wand of random effects (20)
Scrolls
 c - 4 scrolls of amnesia
 d - a scroll of identify
 e - a scroll of blinking
 n - a scroll of fear
 o - 2 scrolls of teleportation
 w - a scroll of enchant armour
Potions
 j - a potion of resistance
 q - a potion of degeneration
 r - a potion of brilliance
 t - a potion of flight
 B - a potion of cancellation
 D - a potion of stabbing
Comestibles
 b - 33 rations


   Skills:
 + Level 8.2 Fighting
 - Level 1.9 Dodging
 * Level 12.8 Unarmed Combat
 - Level 2.0 Spellcasting
 - Level 2.0 Transmutations
 - Level 4.0 Invocations


You had 13 spell levels left.
You knew the following spells:

 Your Spells              Type           Power        Failure   Level
a - Beastly Appendage     Tmut           #.....       16%         1

Your spell library contained the following spells:

 Spells                   Type           Power        Failure   Level
 Sticks to Snakes         Tmut           #.......     24%         2
 Spider Form              Tmut/Pois      #.........   56%         3
 Ice Form                 Ice/Tmut       #.......     93%         4
 Blade Hands              Tmut           #.........   99%         5


Dungeon Overview and Level Annotations

Branches:
Dungeon (13/15)            Temple (0/1) D:5            Lair (0/6) D:10
    Orc (0/2) D:10        Gauntlet (1/1)
 Vaults: D:13-14

Altars:
Ashenzari
Dithmenos
Elyvilon
Fedhas
Makhleb
Okawaru
Qazlal
Trog
Uskayaw
Vehumet
Xom
Yredelemnul
Zin
The Shining One

Shops:
D:5 }   D:6 (((?

Annotations:
Gauntlet 12 transporters, corrupted


Innate Abilities, Weirdness & Mutations

You are too large for most types of armour.
You have claws for hands.
You have a fast metabolism.
Your natural rate of healing is unusually fast.
You are covered in fur. (AC +1)
You have extremely tough skin. (AC +3)


Message History

* * * LOW HITPOINT WARNING * * *
The sixfirhy shocks you. You resist.
* * * LOW HITPOINT WARNING * * *
The sixfirhy hits you.
* * * LOW HITPOINT WARNING * * *
The sixfirhy shocks you. You resist.
* * * LOW HITPOINT WARNING * * *
The sixfirhy barely misses you.
Press: ? - help, Shift-Dir - straight line, f - sixfirhy
Aim: a sixfirhy (lightly wounded, chance to defeat MR: 51%)
You fail to use your ability.
Press: ? - help, Shift-Dir - straight line, f/p - sixfirhy
Aim: a sixfirhy (lightly wounded, chance to defeat MR: 51%)
You fail to use your ability.
Press: ? - help, Shift-Dir - straight line, f/p - sixfirhy
Aim: a sixfirhy (lightly wounded, chance to defeat MR: 51%)
You fail to use your ability.
The sixfirhy hits you.
* * * LOW HITPOINT WARNING * * *
The sixfirhy shocks you. You resist.
You die...

#...##≈...#...Xxxx#.#.#...#.#.
# # #≈≈.P.#########.#.......X.
##≈.♣.........#©#©.#©#.##©
##...#########.#..#...#.#
##≈...#.......#.#..##..##.
#≈≈...#..#....#.#.......#.
##≈.♣.#)###...#.#########.
##...#©.#3#..#©#.........
##≈...#[.@###.###.♣.♣.♣..≈
#≈≈...#!...#..#....P.P..≈≈
##≈.♣.#.......#.♣PPPP..###
##.P.#########...P...≈#
#≈..................≈≈#
#≈≈≈#≈≈≈#≈≈≈#≈≈≈#≈≈≈####
##≈###≈###≈###≈###≈## ## ###
### ### ###


You could see a sixfirhy.

Vanquished Creatures
  Harold (D:7)
  2 tengu warriors (D:13)
  2 sixfirhies (Gauntlet)
  A tengu conjurer (D:13)
  Sigmund (D:5)
  3 yaks (D:9)
  A wyvern (D:9)
  Edmund (D:4)
  A water moccasin (D:9)
  3 ice beasts
  5 phantoms
  2 sky beasts (D:8)
  2 orc warriors (D:6)
  3 ogres
  A necrophage (D:8)
  4 centaurs
  Blork the orc (D:4)
  5 bullfrogs
  A scorpion (D:5)
  3 wights (D:6)
  A centaur zombie (D:8)
  4 hounds
  A centaur skeleton (D:6)
  8 orc priests
  2 bullfrog skeletons
  2 jellies
  Ijyb (D:3)
  Terence (D:2)
  An iguana (D:4)
  7 worker ants
  Natasha (D:2)
  11 orc wizards
  10 adders
  3 shadow imps
  4 ufetubi
  2 adder zombies
  2 adder skeletons
  6 worms
  2 dart slugs
  4 leopard geckos
  37 orcs
  6 giant cockroaches
  5 goblins
  9 hobgoblins
  16 jackals
  5 kobolds
  3 quokkas
  7 bats
  7 frilled lizards
  A jackal skeleton (D:4)
  A leopard gecko skeleton (D:5)
  A quokka skeleton (D:5)
  9 rats
  A spectral orc (D:6)
  A plant (Gauntlet)
225 creatures vanquished.

Vanquished Creatures (others)
  A sixfirhy (Gauntlet)
  A tengu conjurer (D:13)
  4 shadows (Gauntlet)
  3 ufetubi (Gauntlet)
  2 demonic plants (Gauntlet)
  A fungus (Gauntlet)
  3 plants (Gauntlet)
15 creatures vanquished.

Grand Total: 240 creatures vanquished

Notes
Turn   | Place    | Note
-------+----------+-------------------------------------------
     0 | Abyss:1  | Apogee the Troll Abyssal Knight began the quest for the
                  | Orb.
     0 | Abyss:1  | Reached XP level 1. HP: 22/22 MP: 1/1
    11 | D:1      | Escaped the Abyss
   230 | D:1      | Reached XP level 2. HP: 28/29 MP: 2/2
   670 | D:2      | Found a faded altar of an unknown god.
   713 | D:2      | Reached skill level 3 in Unarmed Combat
   850 | D:2      | Reached XP level 3. HP: 26/36 MP: 3/3
   967 | D:2      | Noticed Natasha
   972 | D:2      | Killed Natasha
   972 | D:2      | Reached XP level 4. HP: 36/45 MP: 4/4
   991 | D:2      | Reached ** piety under Lugonu
  1068 | D:2      | Noticed Terence
  1085 | D:2      | Killed Terence
  1085 | D:2      | Reached skill level 4 in Unarmed Combat
  1652 | D:3      | Reached XP level 5. HP: 25/53 MP: 5/5
  1775 | D:3      | Noticed Ijyb
  1781 | D:3      | Killed Ijyb
  2000 | D:3      | You fall into a shaft and drop 1 floor!
  2174 | D:4      | Reached skill level 5 in Unarmed Combat
  2210 | D:4      | Reached *** piety under Lugonu
  2210 | D:4      | Reached XP level 6. HP: 57/62 MP: 6/6
  2264 | D:4      | Noticed Edmund
  2274 | D:4      | Killed Edmund
  2308 | D:4      | Found a hide-covered altar of Uskayaw.
  2308 | D:4      | Found a shadowy altar of Dithmenos.
  2309 | D:4      | Found a burning altar of Makhleb.
  2346 | D:4      | Found a glowing golden altar of the Shining One.
  2366 | D:4      | Found a glowing silver altar of Zin.
  2369 | D:4      | Found a white marble altar of Elyvilon.
  2433 | D:4      | Noticed a moth of wrath
  2436 | D:4      | Found a bloodstained altar of Trog.
  2491 | D:4      | Noticed Blork the orc
  2497 | D:4      | Killed Blork the orc
  2545 | D:4      | Found a blossoming altar of Fedhas.
  2548 | D:4      | Found an iron altar of Okawaru.
  2551 | D:4      | Found a shattered altar of Ashenzari.
  2602 | D:4      | Reached XP level 7. HP: 56/70 MP: 8/8
  2867 | D:3      | Reached skill level 6 in Unarmed Combat
  3297 | D:5      | Entered Level 5 of the Dungeon
  3298 | D:5      | Found a shimmering altar of Xom.
  3299 | D:5      | Noticed Sigmund
  3313 | D:5      | Killed Sigmund
  3356 | D:5      | Found Jiush's Gadget Shop.
  3875 | D:5      | Found a staircase to the Ecumenical Temple.
  4217 | D:6      | Found Isig's Weapon Shoppe.
  4236 | D:6      | Reached skill level 7 in Unarmed Combat
  4402 | D:6      | Reached XP level 8. HP: 75/79 MP: 9/9
  4591 | D:6      | Reached skill level 5 in Fighting
  4813 | D:6      | Found Rautot's Antique Weapon Shop.
  4824 | D:6      | Reached skill level 8 in Unarmed Combat
  4836 | D:6      | Found Rix Zucw's Weapon Emporium.
  4890 | D:6      | Reached **** piety under Lugonu
  4990 | D:6      | Found Helliowk's Magic Scroll Boutique.
  5023 | D:6      | Found a stormy altar of Qazlal.
  5055 | D:6      | Found a basalt altar of Yredelemnul.
  5294 | D:7      | Reached skill level 9 in Unarmed Combat
  5297 | D:7      | Found a bloodstained altar of Trog.
  5361 | D:7      | Learned a level 1 spell: Beastly Appendage
  5419 | D:7      | Reached XP level 9. HP: 89/89 MP: 11/11
  5444 | D:7      | Noticed Harold
  5459 | D:7      | Killed Harold
  5459 | D:7      | Reached skill level 1 in Transmutations
  5564 | D:7      | Reached skill level 10 in Unarmed Combat
  6112 | D:8      | Found a radiant altar of Vehumet.
  6393 | D:8      | Reached skill level 11 in Unarmed Combat
  6405 | D:8      | Reached ***** piety under Lugonu
  6435 | D:8      | Reached XP level 10. HP: 90/102 MP: 12/12
  7239 | D:9      | Reached skill level 1 in Spellcasting
  7622 | D:10     | Entered Level 10 of the Dungeon
  7775 | D:10     | You fall into a shaft and drop 3 floors!
  7791 | D:13     | Noticed a tengu warrior
  7807 | D:13     | Killed a tengu warrior
  7807 | D:13     | Reached skill level 12 in Unarmed Combat
  7828 | D:13     | Found a gate leading to a gauntlet.
  7834 | D:13     | Noticed a tengu warrior
  7876 | D:13     | Killed a tengu warrior
  7883 | Gauntlet | Entered a Gauntlet
  7883 | Gauntlet | Found a transporter.
  7883 | Gauntlet | Noticed a sixfirhy
  7959 | Gauntlet | Found a transporter.
  7960 | Gauntlet | Found a transporter.
  7976 | Gauntlet | Found a transporter.
  7976 | Gauntlet | Noticed a moth of wrath
  7978 | Gauntlet | Found a transporter.
  7981 | Gauntlet | Noticed a brown ugly thing
  7981 | Gauntlet | Noticed a brown ugly thing
  7984 | Gauntlet | Noticed a great orb of eyes
  7990 | Gauntlet | Found a transporter.
  8002 | Gauntlet | Noticed a fire crab
  8005 | Gauntlet | Found a transporter.
  8017 | Gauntlet | Found a transporter.
  8024 | Gauntlet | Noticed a sixfirhy
  8027 | Gauntlet | Found a transporter.
  8031 | Gauntlet | Noticed a sixfirhy
  8039 | Gauntlet | Found a transporter.
  8039 | Gauntlet | Found a transporter.
  8053 | Gauntlet | Found a transporter.
  8063 | Gauntlet | Found a transporter.
  8092 | Gauntlet | Noticed a sixfirhy
  8110 | Gauntlet | Found a transporter.
  8263 | Gauntlet | Corrupted Gauntlet
  8263 | Gauntlet | Noticed a spatial maelstrom
  8263 | Gauntlet | Noticed a starcursed mass
  8263 | Gauntlet | Noticed a worldbinder
  8263 | Gauntlet | Noticed a hellephant
  8263 | Gauntlet | Noticed a spatial maelstrom
  8263 | Gauntlet | Noticed a deep elf demonologist
  8263 | Gauntlet | Noticed an ancient lich
  8263 | Gauntlet | Noticed a worldbinder
  8266 | Gauntlet | Noticed a green very ugly thing
  8266 | Gauntlet | Noticed a tentacled starspawn
  8267 | Gauntlet | Noticed an Executioner
  8268 | Gauntlet | Killed a sixfirhy
  8272 | Gauntlet | Noticed a starcursed mass
  8276 | Gauntlet | Noticed a worldbinder
  8277 | Gauntlet | Noticed a vault sentinel
  8277 | Gauntlet | Noticed a cane toad
  8277 | Gauntlet | Noticed a cane toad
  8278 | Gauntlet | Cast into level 2 of the Abyss (spatial vortex)
  8305 | Abyss:2  | Noticed a tentacled starspawn
  8309 | Gauntlet | Escaped the Abyss
  8310 | Gauntlet | Noticed a red draconian annihilator
  8388 | Gauntlet | Killed a sixfirhy
  8397 | Gauntlet | Killed a sixfirhy
  8397 | Gauntlet | Reached XP level 11. HP: 41/111 MP: 13/13
  8405 | Gauntlet | HP: 5/111 [sixfirhy (2)]
  8405 | Gauntlet | HP: 1/111 [sixfirhy (4)]
  8408 | Gauntlet | Slain by a sixfirhy

Illustrated notes

Levels and vault maps discovered:
D:1:      minmay_arrival_stone_box, layout_basic, minivault_19
D:2:      layout_basic, chequers_ecumenical_altar_simple_redux, uniq_terence,
          uniq_natasha
D:3:      layout_basic, nrook_campfire, kennysheep_doodads, uniq_ijyb
D:4:      layout_cave_pools, good_gods_temple_1, tgw_trog,
          chequers_temple_overflow_statue_of_worship,
          grunt_temple_overflow_diamond, first_ration, uniq_blork_the_orc,
          uniq_edmund
D:5:      layout_basic, lemuel_temple_firewalk_b, basic_altar, serial_shops,
          nicolae_shop_temple_entry_statues_fountains, minivault_19,
          minmay_misc_feat_ornament, uniq_sigmund
D:6:      layout_rooms, yredelemnul_forgotten_temple_becter,
          grunt_qazlal_clouds, serial_shops, shop, nicolae_shop_statue_plus,
          shop, shop
D:7:      layout_cave_pods, basic_altar, uniq_harold
D:8:      layout_basic, old_standard_altar
D:9:      layout_roguey
D:10:     layout_basic, david_lair_generic, orc_0_dummy, uniq_erica
D:13:     layout_stronghold, david_vaults_3, basic_altar,
          gauntlet_entry_generic, blue_anna_alchemist [blue_anna_fruit_fields,
          blue_anna_fruit_fields], st_stairs_12
Gauntlet: minmay_gauntlet_77_tree [minmay_gauntlet_arena_77_checkered,
          minmay_gauntlet_arena_77_two_paths,
          minmay_gauntlet_arena_77_broken_ladder,
          minmay_gauntlet_arena_77_chump_sandwich, minmay_gauntlet_arena_77_box,
          minmay_gauntlet_arena_77_museum,
          minmay_gauntlet_arena_77_double_cross, gauntlet_exit_hidden_loot]

Skill      XL: |  1  2  3  4  5  6  7  8  9 10 |
---------------+-------------------------------+-----
Unarmed Combat | 3 4 5 7 9 11 12 | 12.8
Fighting       | 3 4 5 7 8 |  8.2
Invocations    | 2 3 4 |  4.0
Transmutations | 2 |  2.0
Spellcasting   | 2 |  2.0
Dodging        | |  1.9

Action                   |  1- 3 |  4- 6 |  7- 9 | 10-12 || total
-------------------------+-------+-------+-------+-------++-------
Melee: Unarmed           |    52 |   147 |   340 |   145 ||   684
       Punch             |     1 |     3 |    10 |     5 ||    19
       Kick              |       |       |     2 |       ||     2
 Cast: Beastly Appendage |       |       |     3 |       ||     3
Invok: Banish            |       |       |       |     1 ||     1
       Corrupt           |       |       |       |     1 ||     1
Evoke: Wand              |       |       |     3 |       ||     3
  Use: Scroll            |     5 |     3 |     1 |    10 ||    19
       Potion            |       |     1 |     6 |     4 ||    11
 Stab: Sleeping          |     1 |       |       |       ||     1
  Eat: Ration            |     1 |     2 |     4 |     2 ||     9
Armor: Robe              |    17 |    45 |   125 |    80 ||   267
Dodge: Dodged            |    29 |    57 |   148 |    98 ||   332

Table legend:
 A = Non-vault XP
 B = Vault XP
 C = Vault XP percentage of total XP
 D = Non-vault monster count
 E = Vault monster count
 F = Vault count percentage of total count
                 A         B        C        D         E       F
            +---------+---------+-------+---------+---------+-------
      Total |    8388 |    3152 |  27.3 |     210 |      15 |   6.7
            +---------+---------+-------+---------+---------+-------
        D:1 |      17 |       0 |   0.0 |      11 |       0 |   0.0
        D:2 |      68 |      73 |  51.8 |      21 |       2 |   8.7
        D:3 |     123 |      38 |  23.6 |      31 |       1 |   3.1
        D:4 |     175 |     271 |  60.8 |      13 |       7 |  35.0
        D:5 |     320 |     227 |  41.5 |      20 |       1 |   4.8
        D:6 |    1102 |       1 |   0.1 |      24 |       1 |   4.0
        D:7 |     720 |     992 |  57.9 |      11 |       1 |   8.3
        D:8 |    1777 |       0 |   0.0 |      47 |       0 |   0.0
        D:9 |    1569 |       0 |   0.0 |      18 |       0 |   0.0
       D:10 |      87 |       0 |   0.0 |       5 |       0 |   0.0
       D:13 |    2430 |       0 |   0.0 |       9 |       0 |   0.0
   Gauntlet |       0 |    1550 | 100.0 |       0 |       2 | 100.0
            +---------+---------+-------+---------+---------+-------
